 Dungeon Crawl Stone Soup version bcrawl-1.41.1 (console) character file.

Game seed: 7740450621265656221

183243 Burana the Chopper (level 6, -10/51 HPs)
             Began as an Oni Archaeologist on Apr 19, 2024.
             Blown up by a gnoll (20 damage)
             ... with a wand of disintegration (4)
             ... on level 3 of the Dungeon on Apr 20, 2024.
             The game lasted 00:19:29 (3504 turns).

Burana the Chopper (Oni Archaeologist)              Turns: 3504, Time: 00:19:30

Health: -10/51     AC: 13    Str: 15    XL:     6   Next: 95%
Magic:  11/11      EV: 18    Int: 15    God:
Gold:   328        SH:  0    Dex: 16    Spells: 8/10 levels left

rFire    . . .     GDR:     28% a - +2 battleaxe (flame)
rCold    . . .     SeeInvis .   (shield currently unavailable)
rNeg     . . .     Gourm    .   B - +1 leather armour {MR+}
rPois    .         Faith    .   d - +1 hat
rElec    .         Spirit   .   m - +2 cloak
rCorr    .         Reflect  .   r - +1 pair of gloves (curse)
MR       +....                  t - +2 pair of boots
Stlth    +++.......             (no amulet)
HPRegen  0.18/turn              (no ring)
MPRegen  0.12/turn              (no ring)

@: agile
A: oni magic, claws 1, fangs 1, horns 1
a: no special abilities


You were on level 3 of the Dungeon.
You were not hungry.

You visited 1 branch of the dungeon, and saw 4 of its levels.

You collected 328 gold pieces.

Inventory:

Hand Weapons
 a - a +2 battleaxe of flaming (weapon)
 b - a +0 blowgun
 h - a +3 hand axe
 i - a +1 whip of electrocution
 l - a +0 whip
 y - a +3 morningstar
Missiles
 f - 54 curare-tipped needles
 u - 824 sling bullets
 v - 175 poisoned needles
Armour
 c - a +1 animal skin
 d - a +1 hat (worn)
 j - a +0 scale mail
 m - a +2 cloak (worn)
 q - a +0 ring mail
 r - a cursed +1 pair of gloves (worn)
 t - a +2 pair of boots (worn)
 B - a +1 leather armour of magic resistance (worn)
Wands
 x - a wand of polymorph (12)
 G - a wand of flame (16)
Scrolls
 g - a scroll of revelation
 k - a scroll of fog
 n - a scroll of enchant weapon {unknown}
 o - a scroll of amnesia
Potions
 p - a potion of invisibility {unknown}
 s - a potion of heal wounds {unknown}
 w - a potion of mutation {unknown}
 z - a potion of degeneration {unknown}
 C - 2 potions of curing
 D - a potion of cancellation {unknown}
 E - a potion of resistance {unknown}
 H - a potion of lignification {unknown}
Comestibles
 e - 3 rations {!d}


   Skills:
 - Level 3.0 Fighting
 + Level 3.7(4.0) Axes
 - Level 2.0(3.3) Maces & Flails
 - Level 3.0 Dodging
 - Level 3.0 Stealth
 + Level 2.5 Spellcasting
   Level 2.5 Conjurations
   Level 2.5 Hexes
   Level 2.5 Charms
   Level 2.5 Summonings
   Level 2.5 Necromancy
   Level 2.5 Translocations
   Level 2.5 Transmutations
   Level 2.5 Fire Magic
   Level 2.5 Ice Magic
   Level 2.5 Air Magic
   Level 2.5 Earth Magic
   Level 2.5 Poison Magic


You had 8 spell levels left.
You knew the following spells:

 Your Spells              Type           Power        Failure   Level  Hunger
a - Poisonous Vapours     Pois/Air       #.....       14%         2    ##.....

Your spell library contained the following spells:

 Spells                   Type           Power        Failure   Level  Hunger
 Summon Butterflies       Summ           ##......     8%          1    None
 Vampiric Draining        Necr           ##........   24%         3    ####...


Dungeon Overview and Level Annotations

Branches:
Dungeon (4/12)
 Temple: D:4-7

Altars:
Fedhas
Kikubaaqudgha
Lugonu
Okawaru
Uskayaw
Vehumet
Yredelemnul

Annotations:
D:3 1 transporter, rumpelstilzz's ghost, amateur TrWr


Innate Abilities, Weirdness & Mutations

You learn spells by gaining experience, not through books or religion.
You only train spellcasting to practice magic.
You have sharp fingernails.
You have very sharp teeth.
You have a pair of small horns on your head.


Message History

a +0 halberd; a gnoll corpse You slash the gnoll!
You burn the gnoll. Your headbutt misses the gnoll. Your bite misses the gnoll.
The gnoll is severely wounded.
You hit the gnoll. You burn the gnoll. You closely miss rumpelstilzz's ghost.
Rumpelstilzz's ghost hits you but does no damage.
The gnoll hits you with a +0 spear.
* * * LOW HITPOINT WARNING * * *
The gnoll barely misses you. The gnoll closely misses you.
Rumpelstilzz's ghost hits you but does no damage.
You feel agile all of a sudden.
The gnoll zaps a wand.
You resist with some effort. The gnoll barely misses you.
The gnoll closely misses you.
Rumpelstilzz's ghost closely misses you.
You hit the gnoll. You burn the gnoll.
The gnoll is almost dead.
You barely miss the gnoll. You closely miss rumpelstilzz's ghost.
The gnoll hits you with a +0 spear.
* * * LOW HITPOINT WARNING * * *
The gnoll misses you. The gnoll closely misses you.
Rumpelstilzz's ghost hits you but does no damage.
The gnoll zaps a wand.
You are blasted!
You die...

#.##.# #.###.####.#......# ..(..#
#..........#.###.^# #.##.#
####.#.......# #..# #.##.#
#.#.##..#.###.)#
#....###############
#.#.##..#...>..#
#..................#
#.#.....######.#
##.##..........###.# #.#.###.# #.#
##.##.########.#
#.###########....##.# #.# ##.##.#
#.# #...................######.#
.#.##.# #.#
###############.<....)).<..#
...##.# #.# #.############
##.##.########.# #######.#
##.#..).....##.###########.......#
##.#..###.#................#####.#
##.#..# #...##.############# #.#
.#.#..# ######.# #.# .#[#..# #.#
#.# ....#.########.# #.#
##.#...........# #.#
##.############# #.#
.........>....# #.#


You could see rumpelstilzz's ghost and 3 gnolls.

Vanquished Creatures
  Edmund (D:4)
  A phantom (D:4)
  A bullfrog skeleton (D:4)
  Ijyb (D:3)
  5 gnolls
  An adder (D:3)
  An ooze (D:1)
  2 worms
  2 dart slugs
  4 leopard geckos
  2 orcs
  A ball python (D:3)
  3 giant cockroaches
  6 goblins
  9 hobgoblins
  13 jackals
  2 quokkas
  7 bats
  3 frilled lizards
  12 kobolds
  2 quokka skeletons
  5 rats
84 creatures vanquished.

Vanquished Creatures (others)
  6 plants (D:3)
6 creatures vanquished.

Grand Total: 90 creatures vanquished

Notes
Turn   | Place    | Note
-------+----------+-------------------------------------------
     0 | D:1      | Burana the Oni Archaeologist began the quest for the Orb.
     0 | D:1      | Reached XP level 1. HP: 16/16 MP: 3/3
   129 | D:1      | Reached XP level 2. HP: 23/23 MP: 4/4
   279 | D:1      | Reached XP level 3. HP: 24/28 MP: 5/5
   974 | D:2      | Found a hide-covered altar of Uskayaw.
  1031 | D:2      | Reached skill level 1 in Axes
  1031 | D:2      | Reached XP level 4. HP: 37/37 MP: 6/6
  1254 | D:2      | Found an ancient bone altar of Kikubaaqudgha.
  1402 | D:2      | Found an iron altar of Okawaru.
  1609 | D:2      | Learned a level 2 spell: Poisonous Vapours
  1710 | D:3      | Reached XP level 5. HP: 45/45 MP: 6/8
  1710 | D:3      | Identified a scroll of acquirement
  1713 | D:3      | Identified the ring of Racwirch {Fire Int+2} (You acquired
                  | it on level 3 of the Dungeon)
  1801 | D:3      | Reached skill level 1 in Spellcasting
  2000 | D:3      | Found a blossoming altar of Fedhas.
  2103 | D:3      | Found a basalt altar of Yredelemnul.
  2149 | D:3      | Noticed Ijyb
  2160 | D:3      | Killed Ijyb
  2306 | D:3      | Found a transporter.
  2312 | D:3      | Found a transporter.
  2314 | D:3      | Noticed rumpelstilzz's ghost (amateur TrWr)
  2496 | D:3      | Found a radiant altar of Vehumet.
  2761 | D:4      | Noticed a phantom
  2778 | D:4      | Killed a phantom
  2779 | D:4      | Reached XP level 6. HP: 47/51 MP: 10/10
  3055 | D:4      | Found a corrupted altar of Lugonu.
  3061 | D:4      | Noticed Edmund
  3082 | D:4      | Killed Edmund
  3283 | D:4      | Found a glowing golden altar of the Shining One.
  3504 | D:3      | Blown up by a gnoll

Skill      XL: |  1  2  3  4  5  6 |
---------------+-------------------+-----
Dodging        | 3 |  3.0
Stealth        | 3 |  3.0
Maces & Flails | 2 |  2.0
Fighting       | 2 3 |  3.0
Axes           | 1 2 3 |  3.7
Spellcasting   | 1 2 |  2.5
Conjurations   | |  2.5
Hexes          | |  2.5
Charms         | |  2.5
Summonings     | |  2.5
Necromancy     | |  2.5
Translocations | |  2.5
Transmutations | |  2.5
Fire Magic     | |  2.5
Ice Magic      | |  2.5
Air Magic      | |  2.5
Earth Magic    | |  2.5
Poison Magic   | |  2.5

Action                   |  1- 3 |  4- 6 || total
-------------------------+-------+-------++-------
Melee: Whip              |    89 |       ||    89
       Headbutt          |    12 |    16 ||    28
       Bite              |     6 |     8 ||    14
       Hand axe          |    28 |    50 ||    78
       Battleaxe         |       |    89 ||    89
 Fire: Blowgun           |       |    20 ||    20
 Cast: Poisonous Vapours |       |     6 ||     6
  Use: Scroll            |     1 |     8 ||     9
       Potion            |       |     1 ||     1
 Stab: Sleeping          |       |     1 ||     1
  Eat: Chunk             |     4 |     7 ||    11
       Ration            |       |     2 ||     2
Armor: Scale mail        |    55 |    31 ||    86
       Ring mail         |       |    26 ||    26
       Leather armour    |       |    15 ||    15
Dodge: Dodged            |    67 |   107 ||   174
